 Dungeon Sprint DCSS version 0.31-a0-664-g902f515a81 (webtiles) character file.

Game seed: 1360879195934219813

18617 Conn the Eclecticist (level 12, -4/64 HPs)
             Began as an Octopode Fire Elementalist on Sept 2, 2023.
             Was the Champion of Sif Muna.
             Slain by a fire giant
             ... wielding a +1 great sword of flaming
              (36 damage)
             ... in the Dungeon (Sprint I: "Red Sonja").
             The game lasted 00:44:22 (4625 turns).

Conn the Eclecticist (Octopode Fire Elementalist)   Turns: 4625, Time: 00:44:22

Health: -4/64      AC:  1    Str:  8    XL:     12   Next: 60%
Magic:  12/33      EV: 19    Int: 24    God:    Sif Muna [******]
Gold:   1288       SH:  8    Dex: 13    Spells: 1/46 levels left

rFire   + + .        i - +2 short sword (distort)
rCold   + + .        k - +2 buckler {reflect}
rNeg    . . .        (helmet restricted)
rPois   +            (no amulet)
rElec   +            p - ring "Neshrat" {Wiz rPois rC+ rCorr Int+3}
rCorr   +            u - +5 ring of evasion
SInv    .            v - ring of protection from fire
Will    .....        (no ring)
Stlth   ++++         (no ring)
HPRegen 0.30/turn    (no ring)
MPRegen 0.23/turn    (no ring)
                     (no ring)

%: no teleportation, reflection, wizardry (x1)
@: resistant
A: almost no armour, amphibious, 8 rings, camouflage 1, gelatinous body 1,
(nimble swimmer 1), tentacles, frail 1, no potion heal 1
a: Renounce Religion, Channel Magic, Forget Spell, Divine Exegesis


You were in the Dungeon.
You worshipped Sif Muna.
Sif Muna was exalted by your worship.
You visited 1 branch You collected 3938 gold pieces.
You spent 2650 gold pieces at shops.

Inventory:

Hand Weapons
 g - a +5 scythe of freezing
 i - a +2 short sword of distortion (weapon)
 l - the +5 quarterstaff of the Abyss {drain, rF+ Will+}
   (You bought it in a shop in the Dungeon)

   rF+:       It protects you from fire.
   Will+:     It increases your willpower.
Missiles
 j - a curare-tipped dart (quivered)
Armour
 k - a +2 buckler of reflection (worn)
Jewellery
 p - the ring "Neshrat" (left tentacle) {Wiz rPois rC+ rCorr Int+3}
   (You bought it in a shop in the Dungeon)

   [ring of wizardry]

   Wiz:       It improves your spell success rate.
   Int+3:     It affects your intelligence (+3).
   rC+:       It protects you from cold.
   rPois:     It protects you from poison rCorr: It protects you from acid and
   corrosion.
 u - a +5 ring of evasion (right tentacle)
 v - a ring of protection from fire (on tentacle)
Wands
 e - a wand of quicksilver (3)
 n - a wand of flame (26)
 o - a wand of roots (5)
Scrolls
 h - a scroll of fear {unknown}
Potions
 a - 2 potions of magic
 b - 3 potions of curing
 d - 2 potions of haste
 f - a potion of enlightenment {unknown}
 r - a potion of resistance
 s - 2 potions of cancellation
 t - 2 potions of lignification


   Skills:
 + Level 2.5 Fighting
 + Level 0.2 Short Blades
 + Level 0.5 Throwing
 + Level 5.2 Dodging
 - Level 4.8 Stealth
 + Level 8.3 Shields
 + Level 17.8 Spellcasting
 + Level 12.0 Conjurations
 + Level 4.9 Hexes
 - Level 5.0 Summonings
 + Level 15.6 Fire Magic
 - Level 6.0 Ice Magic
 - Level 5.0 Earth Magic
 * Level 9.5 Invocations
 + Level 0.9 Evocations


You had one spell level left.
You knew the following spells:

 Your Spells              Type           Power      Damage    Failure   Level
a - Foxfire               Conj/Fire      100%       2x1d9     0%          1
b - Scorch                Fire           100%       2d9       0%          2
c - Inner Flame           Hex/Fire       63%        N/A       1%          3
d - Flame Wave            Conj/Fire      73%        2d16      1%          4
e - Ozocubu's Armour      Ice            50%        N/A       1%          3
f - Metabolic Englaciati  Hex/Ice        23%        N/A       4%          5
g - Hailstorm             Conj/Ice       59%        3d13      1%          3
h - Starburst             Conj/Fire      36%        6d11      1%          6
i - Leda's Unmaking       Conj/Erth      29%        9d5       6%          6
j - Fireball              Conj/Fire      36%        3d15      1%          5
k - Summon Guardian Gole  Hex/Summ       45%        N/A       1%          3
l - Summon Ice Beast      Ice/Summ       47%        N/A       1%          4

Your spell library contained the following spells:

 Spells                   Type           Power      Damage    Failure   Level
 Magic Dart               Conj           100%       1d8       0%          1
 Apportation              Tloc           42%        N/A       1%          1
 Freeze                   Ice            100%       1d10      1%          1
 Kiss of Death            Conj/Necr      100%       2d13      1%          1
 Necrotise                Necr           84%        1d8       1%          1
 Summon Small Mammal      Summ           100%       N/A       1%          1
 Call Imp                 Summ           90%        N/A       1%          2
 Ensorcelled Hibernation  Hex/Ice        94%        N/A       1%          2
 Searing Ray              Conj           100%       2d8       1%          2
 Sublimation of Blood     Necr           21%        N/A       1%          2
 Confusing Touch          Hex            45%        N/A       1%          3
 Dazzling Flash           Conj/Hex       100%       N/A       1%          3
 Frozen Ramparts          Ice            100%       1d16      1%          3
 Stone Arrow              Conj/Erth      100%       3d13      1%          3
 Volatile Blastmotes      Fire/Tloc      100%       2d18      1%          3
 Cause Fear               Hex            22%        N/A       1%          4
 Fulminant Prism          Conj/Hex       29%        3d13      1%          4
 Iskenderun's Battlesphe  Conj           68%        2d12      1%          5
 Freezing Cloud           Conj/Ice/Air   25%        6-21      3%          5
 Anguish                  Hex/Necr       16%        N/A       4%          4
 Plasma Beam              Fire/Air       28%        2x1d40    9%          6
 Animate Dead             Necr           21%        N/A       13%         4
 Dispel Undead            Necr           21%        3d11      13%         4
 Yara's Violent Unravell  Hex/Tmut       16%        3d8       13%         5
 Conjure Ball Lightning   Conj/Air       25%        3x3d7     17%         6
 Spellforged Servitor     Conj/Summ      29%        N/A       32%         7
 Alistair's Intoxication  Tmut/Pois      14%        N/A       34%         5
 Simulacrum               Ice/Necr       17%        N/A       50%         6
 Eringya's Noxious Bog    Tmut/Pois      10%        4d6       87%         6
 Lehudib's Crystal Spear  Conj/Erth      29%        10d8      92%         8
 Fire Storm               Conj/Fire      36%        8d9       98%         9
 Borgnjor's Revivificati  Necr           10%        N/A       100%        8
 Dragon's Call            Summ           22%        N/A       100%        9


Dungeon Overview and Level Annotations

Branches:
Dungeon (1/1)

Altars:
Cheibriados
Dithmenos
Elyvilon
Fedhas
Gozag
Hepliaklqana
Kikubaaqudgha
Makhleb
Nemelex Xobeh
Okawaru
Qazlal
Ru
Sif Muna
Trog
Uskayaw
Vehumet
Wu Jian
Xom
Yredelemnul
Zin
The Shining One
Jiyva
Lugonu

Shops:
D !![?((?=[*[![(:=(:[[[


Innate Abilities, Weirdness & Mutations

You cannot wear most types of armour.
You are amphibious.
You can wear up to eight rings at the same time.
Your skin changes colour to match your surroundings (Stealth+).
Your rubbery body absorbs attacks. (AC +1, EV +1)
((You are camouflaged when in or above water. (Stealth+)))
You have tentacles for arms and can constrict up to eight enemies at once.
You are frail. (-10% HP)
Potions are less effective at restoring your health.


Message History

Press: ? - help, Shift-Dir - straight line, f - fire giant
Aim: a fire giant, wielding a +1 great sword of flaming (slow, 94% to hit)
The entropic shot hits the fire giant!!
The fire giant is moderately wounded.
Casting: Leda's Unmaking (quite dangerous; 6% risk of failure)
Confirm with . or Enter, or press ? or * to list all spells.
Casting: Hailstorm (safe; 1% risk of failure)
Press: ? - help, Dir - look around, f - activate A cannonade of hail descends around you!
The hail pelts the fire giant!
The fire giant is heavily wounded.
Casting: Hailstorm (safe; 1% risk of failure)
Confirm with . or Enter, or press ? or * to list all spells.
Okay, then.
Unknown command.
Unknown command.
The fire giant gestures at you while chanting.
The bolt of fire hits you!! You resist.
Ouch! That really hurt!
* * * LOW HITPOINT WARNING * * *
There is an open door here.
Okay, then.
Unknown command.
Unknown command.
Your system partially rejects the healing.
You feel much better.
Your system partially rejects the healing.
You feel much better.
You close the door.
A fire giant opens the door.
You close the door.
A fire giant breaks down the door.
Casting: Hailstorm (safe; 1% risk of failure)
Confirm with . or Enter, or press ? or * to list all spells.
Okay, then.
You feel protected.
Casting: Hailstorm (safe; 1% risk of failure)
Confirm with . or Enter, or press ? or * to list all spells.
A chill wind blows around you.
The fire giant hits you with a +1 great sword of flaming!!!
Ouch! That really hurt!
You die...

#################################
.#..'..#__#..)..Y#..#.§.§§§§§§§.'
.'[.#..'..'..#..@##'#§####.§...##
'#####'#__####...C.§#§#.###§§§###
.#...#.####§.#####..§§#'#.###+#|.
##..##)#§§§..#§§##'####...#)#.##.
_##'#_))~~~.§§..#..)..#...###§.##
..'..._#~§~§.#.§#○.○○.○○○...##.#)
_##_.#'##+#####'###°☼○#.....#..##
_###'#.#[.%.###...#..☼###++##.##.
####.####'###[###.#°°###..###..#'


You could see a fire giant (ally target) and a friendly ice beast (summoned).

Vanquished Creatures
  A fire giant (D)
  A daeva (D)
  A lorocyproca (D)
  A hydra (D)
  2 centaur warriors (D)
  3 demonic crawlers (D)
  Sonja (D)
  A deep troll (D)
  A lindwurm (D)
  8 shining eyes (D)
  An oklob plant (D)
  7 unseen horrors (D)
  2 kobold demonologists (D)
  A meliai (D)
  A hornet (D)
  A slime creature (D)
  Sigmund (D)
  A yak (D)
  12 hogs (D)
  2 redbacks (D)
  7 floating eyes (D)
  An ogre (D)
  7 necrophages (D)
  8 jellies (D)
  Ijyb (D)
  A ballistomycete spore (D)
74 creatures vanquished.

Vanquished Creatures (others)
  A demonic crawler (D)
  A gargoyle (D)
  A hog (D)
  A ballistomycete spore (D)
  65 foxfires (D)
69 creatures vanquished.

Grand Total: 143 creatures vanquished

Notes
Turn   | Place    | Note
-------+----------+-------------------------------------------
     0 | D        | Conn the Octopode Fire Elementalist began the quest for the
                  | Orb.
     0 | D        | Reached XP level 1. HP: 11/11 MP: 3/3
     1 | D        | Noticed Ijyb
    11 | D        | Killed Ijyb
    12 | D        | Reached skill level 3 in Spellcasting
    12 | D        | Reached XP level 2. HP: 17/17 MP: 4/6
    23 | D        | Learned a level 2 spell: Scorch
    61 | D        | Noticed an ogre
    65 | D        | Killed an ogre
    66 | D        | Reached skill level 5 in Spellcasting
    66 | D        | Reached XP level 3. HP: 21/21 MP: 0/9
    66 | D        | Reached XP level 4. HP: 27/27 MP: 0/11
    70 | D        | Learned a level 3 spell: Inner Flame
    75 | D        | Learned a level 4 spell: Flame Wave
   156 | D        | Noticed Sigmund
   158 | D        | Killed Sigmund
   159 | D        | Reached skill level 7 in Spellcasting
   159 | D        | Reached XP level 5. HP: 31/31 MP: 6/14
   159 | D        | Reached XP level 6. HP: 36/36 MP: 6/16
   240 | D        | Found an ornate altar of the Wu Jian Council.
   240 | D        | Found a shimmering blue altar of Sif Muna.
   242 | D        | Found a radiant altar of Vehumet.
   246 | D        | Became a worshipper of Sif Muna the Loreminder
   282 | D        | Found a burning altar of Makhleb.
   282 | D        | Found a viscous altar of Jiyva.
   282 | D        | Found a shimmering altar of Xom.
   282 | D        | Found a corrupted altar of Lugonu.
   282 | D        | Noticed a slime creature
   298 | D        | Killed a slime creature
   299 | D        | Reached skill level 8 in Spellcasting
   299 | D        | Reached skill level 5 in Conjurations
   299 | D        | Reached XP level 7. HP: 42/42 MP: 4/19
   402 | D        | Noticed a kobold demonologist
   404 | D        | Noticed a kobold demonologist
   405 | D        | Reached * piety under Sif Muna
   406 | D        | Reached skill level 9 in Spellcasting
   408 | D        | Noticed a soul eater
   408 | D        | Killed a kobold demonologist
   409 | D        | Reached skill level 1 in Fighting
   409 | D        | Reached skill level 10 in Spellcasting
   409 | D        | Reached skill level 10 in Fire Magic
   410 | D        | Noticed a chaos spawn
   412 | D        | Killed a kobold demonologist
   413 | D        | Reached XP level 8. HP: 47/48 MP: 2/22
   538 | D        | Found Mojuo's Magic Scroll Emporium.
   538 | D        | Found an ancient bone altar of Kikubaaqudgha.
   538 | D        | Found a hazy altar of Hepliaklqana.
   538 | D        | Found a stormy altar of Qazlal.
   538 | D        | Found a hide-covered altar of Uskayaw.
   538 | D        | Found a blossoming altar of Fedhas.
   538 | D        | Found a bloodstained altar of Trog.
   538 | D        | Found an iron altar of Okawaru.
   538 | D        | Found a basalt altar of Yredelemnul.
   538 | D        | Found a glowing golden altar of the Shining One.
   538 | D        | Found a snail-covered altar of Cheibriados.
   538 | D        | Found a sacrificial altar of Ru.
   538 | D        | Found a glowing silver altar of Zin.
   538 | D        | Found a shadowy altar of Dithmenos.
   538 | D        | Found a white marble altar of Elyvilon.
   538 | D        | Noticed a yak
   541 | D        | Killed a yak
   541 | D        | Reached ** piety under Sif Muna
   542 | D        | Reached skill level 11 in Spellcasting
   542 | D        | Found an opulent altar of Gozag.
   543 | D        | Found a sparkling altar of Nemelex Xobeh.
   581 | D        | Noticed Sonja
   583 | D        | Killed Sonja
   584 | D        | Reached skill level 12 in Spellcasting
   584 | D        | Reached XP level 9. HP: 45/53 MP: 17/25
   698 | D        | Found Ryibarhoigg's Distillery.
   718 | D        | Noticed a deep troll
   727 | D        | Killed a deep troll
   728 | D        | Reached skill level 13 in Spellcasting
   741 | D        | Found Vitau's Armour Emporium.
   745 | D        | Bought a +2 buckler of reflection for 203 gold pieces
   772 | D        | Learned a level 3 spell: Ozocubu's Armour
   778 | D        | Learned a level 5 spell: Metabolic Englaciation
   800 | D        | Noticed a shining eye
   800 | D        | Noticed a shining eye
   800 | D        | Noticed a shining eye
   800 | D        | Gained mutation: You are frail. (-10% HP) [a shining eye]
   804 | D        | Paralysed by a floating eye for 3 turns
   808 | D        | Paralysed by a floating eye for 4 turns
   810 | D        | Noticed a shining eye
   813 | D        | Paralysed by a floating eye for 2 turns
   814 | D        | Noticed a shining eye
   818 | D        | Paralysed by a floating eye for 3 turns
   825 | D        | Paralysed by a floating eye for 4 turns
   830 | D        | Paralysed by a floating eye for 2 turns
   838 | D        | Paralysed by a floating eye for 2 turns
   838 | D        | Reached *** piety under Sif Muna
   838 | D        | Killed a shining eye
   838 | D        | Gained mutation: Potions are less effective at restoring
                  | your health. [a shining eye]
   839 | D        | Reached skill level 1 in Hexes
   839 | D        | Killed a shining eye
   839 | D        | Killed a shining eye
   839 | D        | Reached **** piety under Sif Muna
   839 | D        | Killed a shining eye
   840 | D        | Reached skill level 14 in Spellcasting
   840 | D        | Reached XP level 10. HP: 54/54 MP: 2/28
   841 | D        | Killed a shining eye
   978 | D        | Paralysed by a floating eye for 3 turns
   982 | D        | Paralysed by a floating eye for 2 turns
   982 | D        | Noticed a shining eye
   989 | D        | Killed a shining eye
   989 | D        | Reached ***** piety under Sif Muna
  1016 | D        | Noticed a shining eye
  1023 | D        | Killed a shining eye
  1023 | D        | Received a gift from Sif Muna
  1024 | D        | Noticed a shining eye
  1095 | D        | Killed a shining eye
  1096 | D        | Reached skill level 5 in Invocations
  1156 | D        | Paralysed by a floating eye for 3 turns
  1165 | D        | Paralysed by a floating eye for 3 turns
  1170 | D        | Paralysed by a floating eye for 3 turns
  1179 | D        | Paralysed by a floating eye for 2 turns
  1182 | D        | Paralysed by a floating eye for 4 turns
  1191 | D        | Paralysed by a floating eye for 3 turns
  1202 | D        | Paralysed by a floating eye for 4 turns
  1213 | D        | Reached skill level 15 in Spellcasting
  1240 | D        | Found Toipod's Antique Weapon Shop.
  1240 | D        | Found Pief's Distillery.
  1240 | D        | Found Xidabos's Antique Weapon Boutique.
  1240 | D        | Found Bofuuch's Armour Emporium.
  1259 | D        | Bought a bloodstained quarterstaff for 234 gold pieces
  1259 | D        | Identified the +5 quarterstaff of the Abyss {drain, rF+
                  | Will+} (You bought it in a shop in the Dungeon)
  1307 | D        | Noticed a centaur warrior
  1314 | D        | Noticed a centaur warrior
  1321 | D        | Killed a centaur warrior
  1322 | D        | Killed a centaur warrior
  1323 | D        | Reached skill level 5 in Shields
  1323 | D        | Reached skill level 5 in Ice Magic
  1323 | D        | Reached XP level 11. HP: 44/57 MP: 15/30
  1441 | D        | Noticed an oklob plant
  1445 | D        | Killed an oklob plant
  1445 | D        | Received a gift from Sif Muna
  1446 | D        | Reached skill level 10 in Conjurations
  1446 | D        | Got Sif Muna's Spellbook of Violence {god gift}
  1479 | D        | Learned a level 3 spell: Hailstorm
  1486 | D        | Learned a level 6 spell: Starburst
  1620 | D        | Paralysed by a floating eye for 4 turns
  1626 | D        | Paralysed by a floating eye for 4 turns
  1634 | D        | Paralysed by a floating eye for 2 turns
  1646 | D        | Paralysed by a floating eye for 2 turns
  1654 | D        | Paralysed by a floating eye for 4 turns
  1660 | D        | Paralysed by a floating eye for 4 turns
  1692 | D        | Received a gift from Sif Muna
  1693 | D        | Got Sif Muna's Cyclopedia of Trauma {god gift}
  1706 | D        | Learned a level 6 spell: Leda's Unmaking
  1772 | D        | Reached skill level 16 in Spellcasting
  1777 | D        | Reached skill level 1 in Earth Magic
  1894 | D        | Found Xuhilil's Jewellery Shoppe.
  1895 | D        | Found Kiobra Heva's Magic Scroll Shop.
  1895 | D        | Found Hoacopua's Antique Armour Boutique.
  1896 | D        | Found Xaavetz's Book Boutique.
  1896 | D        | Found Vismi's Armour Emporium.
  1900 | D        | Received a gift from Sif Muna
  1904 | D        | Got Sif Muna's Spellbook of Dynamic Allies {god gift}
  1911 | D        | Learned a level 5 spell: Fireball
  1915 | D        | Learned a level 3 spell: Summon Guardian Golem
  1915 | D        | Found Viwev's Armour Emporium.
  1933 | D        | Found Yjotsob's Assorted Antiques.
  1933 | D        | Found Hyxtiwn's Antique Armour Shop.
  1933 | D        | Found Beck's Distillery.
  1933 | D        | Found Rosh's Armour Boutique.
  1933 | D        | Found Jueceur's Antique Weapon Emporium.
  1933 | D        | Found Haetric's Book Shop.
  1933 | D        | Found Yxir's Jewellery Shoppe.
  1937 | D        | Found Jamuarih's Weapon Boutique.
  1946 | D        | Bought the ring "Neshrat" {Wiz rPois rC+ rCorr Int+3} for
                  | 721 gold pieces
  2013 | D        | Noticed a demonic crawler
  2013 | D        | Noticed a demonic crawler
  2013 | D        | Noticed a demonic crawler
  2013 | D        | Noticed a demonic crawler
  2018 | D        | Killed a demonic crawler
  2019 | D        | Reached skill level 1 in Summonings
  2021 | D        | Killed a demonic crawler
  2021 | D        | Reached ****** piety under Sif Muna
  2025 | D        | Killed a demonic crawler
  2026 | D        | Killed a demonic crawler
  2196 | D        | Noticed a lindwurm
  2202 | D        | Killed a lindwurm
  2202 | D        | Received a gift from Sif Muna
  2203 | D        | Got Sif Muna's Omnibus of Intoxicating Gusts {god gift}
  2377 | D        | Received a gift from Sif Muna
  2378 | D        | Reached XP level 12. HP: 51/63 MP: 3/32
  2389 | D        | Reached skill level 5 in Dodging
  2537 | D        | Got Sif Muna's Essays on Necrotic Guile {god gift}
  2546 | D        | Noticed a 12-headed hydra
  2564 | D        | Killed a 12-headed hydra
  2565 | D        | Reached skill level 17 in Spellcasting
  2566 | D        | Paralysed by a floating eye for 2 turns
  2775 | D        | Noticed a daeva
  3112 | D        | Killed a daeva
  3112 | D        | Received a gift from Sif Muna
  3113 | D        | Reached skill level 15 in Fire Magic
  3113 | D        | Reached skill level 5 in Earth Magic
  3181 | D        | Reached skill level 5 in Summonings
  3496 | D        | Noticed a fire giant
  3517 | D        | Killed a fire giant
  3517 | D        | Received a gift from Sif Muna
  3518 | D        | Got Sif Muna's Verses on Wild Allies {god gift}
  3723 | D        | Bought a potion of haste for 120 gold pieces
  3723 | D        | Bought a potion of resistance for 120 gold pieces
  3736 | D        | Bought a potion of curing for 39 gold pieces
  3736 | D        | Bought a potion of heal wounds for 65 gold pieces
  3736 | D        | Bought a potion of resistance for 130 gold pieces
  3736 | D        | Bought 2 potions of cancellation for 208 gold pieces
  3795 | D        | Bought a potion of lignification for 39 gold pieces
  3795 | D        | Bought a potion of lignification for 39 gold pieces
  3799 | D        | Bought a +5 ring of evasion for 432 gold pieces
  3806 | D        | Bought a ring of protection from fire for 300 gold pieces
  3953 | D        | HP: 3/64 [something (37)]
  3954 | D        | Killed a lorocyproca
  4445 | D        | Learned a level 4 spell: Summon Ice Beast
  4504 | D        | Noticed a fire giant
  4504 | D        | Noticed a fire giant
  4506 | D        | Noticed a fire giant
  4618 | D        | HP: 3/64 [fire giant/bolt of fire (34)]
  4625 | D        | Slain by a fire giant

Illustrated notes

Levels and vault maps discovered:
D:        dungeon_sprint_1 [red_sonja_temple_1, red_sonja_temple_small_1]

Skill      XL: |  1  2  3  4  5  6  7  8  9 10 11 12 |
---------------+-------------------------------------+-----
Stealth        | 3 4 |  4.8
Spellcasting   | 3 5 7 8 10 12 14 15 16 17 | 17.8
Conjurations   | 2 3 4 5 7 9 11 12 | 12.0
Fire Magic     | 4 6 7 9 10 11 13 14 15 | 15.6
Dodging        | 3 4 5 |  5.2
Fighting       | 1 2 |  2.5
Shields        | 3 5 7 8 |  8.3
Hexes          | 2 3 4 |  4.9
Ice Magic      | 3 5 6 |  6.0
Invocations    | 3 5 7 9 |  9.5
Earth Magic    | 4 5 |  5.0
Summonings     | 3 5 |  5.0
Short Blades   | |  0.2
Throwing       | |  0.5
Evocations     | |  0.9

Action                     |  1- 3 |  4- 6 |  7- 9 | 10-12 || total
---------------------------+-------+-------+-------+-------++-------
  Melee: Unarmed           |     7 |       |       |       ||     7
         Constrict         |     1 |       |       |       ||     1
         Tentacles         |     1 |       |       |       ||     1
         Halberd           |       |       |     1 |       ||     1
         Short sword       |       |       |       |     1 ||     1
  Throw: Dart              |       |       |     2 |     3 ||     5
   Cast: Scorch            |     3 |     7 |    12 |    94 ||   116
         Inner Flame       |       |     1 |     7 |    22 ||    30
         Foxfire           |       |     5 |     7 |    34 ||    46
         Flame Wave        |       |       |     3 |     9 ||    12
         Ozocubu's Armour  |       |       |       |     6 ||     6
         Fireball          |       |       |       |     7 ||     7
         Hailstorm         |       |       |       |     6 ||     6
         Starburst         |       |       |       |     7 ||     7
         Summon Guardian G |       |       |       |     8 ||     8
         Metabolic Englaci |       |       |       |     9 ||     9
         Summon Ice Beast  |       |       |       |     6 ||     6
         Leda's Unmaking   |       |       |       |     5 ||     5
 Invoke: Channel Magic     |       |       |       |     3 ||     3
  Evoke: Wand              |     1 |       |       |       ||     1
    Use: Potion            |     1 |       |       |     5 ||     6
         Scroll            |       |       |       |     6 ||     6
 Armour: Skin              |     1 |       |     4 |    48 ||    53
  Dodge: Dodged            |     4 |     1 |     1 |    27 ||    33
  Block: Buckler           |       |       |       |    11 ||    11
         Reflection        |       |       |       |     1 ||     1

Table legend: (Time is in decaauts)
 A = Elapsed time spent in this place.
 B = Non-inter-level travel time spent in this place.
 C = Inter-level travel time spent in this place.
 D = Time resting spent in this place.
 E = Time spent auto-exploring this place.
 F = Levels seen in this place.
 G = Mean time per level.
                   A        B        C        D        E       F      G
               +--------+--------+--------+--------+--------+-----+--------+
         Total |   4635 |   4502 |    133 |   2682 |      0 |   1 | 4635.0 |
       Dungeon |   4635 |   4502 |    133 |   2682 |      0 |   1 | 4635.0 |
               +--------+--------+--------+--------+--------+-----+--------+

Top non-repeatable levels by time:
       D: 4635 daAuts
